[ PARTIDA AOE2 · #506506851 ]
UnrankedBorgoñones vs Mongols
Equipo del jugador · DERR
Equipo rival · VICT
[ ANÁLISIS DE REPETICIÓN · EXTRAÍDO DE LA PARTIDA GRABADA ]
Feudal
10:56
Castillos
22:22
Imperial
38:24
| APM promedio | 88.7 |
| APM pico | 174 |
| eAPM promedio | 58.2 |
| Aldeanos / militares | 172 / 329 |
Foco
⚔️ 57.2% · 🌾 42.8%
Spearman ×149 · Skirmisher ×84 · Coustillier ×68 · Flemish Militia ×13 · Scout Cavalry ×12 · Trebuchet (Packed) ×2
Feudal
10:58
Castillos
19:44
Imperial
35:57
| APM promedio | 53.4 |
| APM pico | 119 |
| eAPM promedio | 25.6 |
| Aldeanos / militares | 224 / 236 |
Foco
⚔️ 37.3% · 🌾 62.7%
Scout Cavalry ×91 · Mangudai ×76 · Camel Scout ×46 · Trebuchet (Packed) ×11 · Monk ×5 · Militia ×5
Mapa de la partida
Recursos iniciales + cada clic de construcción. Líneas = muros · curvas = relieve. ◆ oro · ⬟ piedra · ● bayas · ✦ reliquia · ◌ hueco del cierre
Tu base· Abierta — hueco de 4t
Base de Malelf· Abierta — flanco sin cerrar
Terreno inicial suavizado · ◌ = hueco del cierre detectado · pasá el cursor para detalles
Inputs por minuto
— Parzivall - - Malelf
Build order — Parzivall
Primeras 150 de 928 acciones detectadas
| 0:01 | Encolar | Villager (Male) |
| 0:02 | Construir | House |
| 0:03 | Construir | House |
| 0:06 | Encolar | Villager (Male) |
| 0:07 | Encolar | Villager (Male) |
| 0:09 | Encolar | Villager (Male) |
| 0:09 | Encolar | Villager (Male) |
| 1:24 | Encolar | Villager (Male) |
| 1:59 | Encolar | Villager (Male) |
| 1:59 | Encolar | Villager (Male) |
| 2:06 | Construir | Lumber Camp |
| 2:11 | Encolar | Villager (Male) |
| 2:12 | Encolar | Villager (Male) |
| 2:46 | Encolar | Villager (Male) |
| 3:01 | Encolar | Villager (Male) |
| 3:01 | Encolar | Villager (Male) |
| 3:01 | Encolar | Villager (Male) |
| 3:29 | Construir | House |
| 3:37 | Encolar | Villager (Male) |
| 4:00 | Encolar | Villager (Male) |
| 4:01 | Encolar | Villager (Male) |
| 4:01 | Encolar | Villager (Male) |
| 4:29 | Encolar | Villager (Male) |
| 4:29 | Encolar | Villager (Male) |
| 4:45 | Construir | Mill |
| 4:51 | Encolar | Villager (Male) |
| 4:52 | Encolar | Villager (Male) |
| 5:14 | Encolar | Villager (Male) |
| 5:21 | Encolar | Villager (Male) |
| 5:22 | Encolar | Villager (Male) |
| 5:22 | Encolar | Villager (Male) |
| 5:36 | Encolar | Villager (Male) |
| 5:36 | Encolar | Villager (Male) |
| 5:36 | Encolar | Villager (Male) |
| 6:05 | Construir | House |
| 6:33 | Construir | Farm |
| 6:46 | Construir | Mining Camp |
| 6:58 | Encolar | Villager (Male) |
| 7:04 | Construir | Palisade Wall |
| 7:05 | Construir | Palisade Wall |
| 7:05 | Construir | Palisade Wall |
| 7:11 | Construir | Palisade Wall |
| 7:26 | Encolar | Villager (Male) |
| 7:28 | Construir | Palisade Wall |
| 7:28 | Construir | Palisade Wall |
| 7:29 | Construir | Palisade Wall |
| 7:41 | Encolar | Villager (Male) |
| 7:42 | Investigar | Loom |
| 7:42 | Investigar | Loom |
| 7:57 | Construir | Farm |
| 8:25 | Construir | Palisade Wall |
| 8:27 | Construir | Palisade Wall |
| 8:29 | Construir | Palisade Wall |
| 8:35 | Investigar | Feudal Age |
| 8:35 | Investigar | Feudal Age |
| 8:48 | Construir | House |
| 8:52 | Construir | Palisade Wall |
| 8:54 | Construir | Palisade Wall |
| 8:56 | Construir | Palisade Wall |
| 8:58 | Construir | Palisade Wall |
| 9:29 | Construir | Palisade Wall |
| 9:31 | Construir | Palisade Wall |
| 9:32 | Construir | Palisade Wall |
| 9:41 | Construir | Palisade Wall |
| 9:42 | Construir | Palisade Wall |
| 10:01 | Construir | Palisade Wall |
| 10:06 | Construir | Palisade Wall |
| 10:12 | Construir | Palisade Wall |
| 10:13 | Construir | Palisade Wall |
| 10:44 | Construir | Palisade Wall |
| 10:56 | Edad | Edad Feudal |
| 10:58 | Encolar | Villager (Male) |
| 10:59 | Construir | Market |
| 11:06 | Construir | Watch Tower |
| 11:20 | Construir | Blacksmith |
| 11:22 | Encolar | Villager (Male) |
| 11:29 | Construir | Watch Tower |
| 11:37 | Construir | House |
| 11:39 | Construir | Palisade Wall |
| 11:41 | Construir | Palisade Wall |
| 11:42 | Construir | Palisade Wall |
| 12:13 | Encolar | Villager (Male) |
| 12:24 | Construir | Outpost |
| 12:27 | Investigar | Town Watch |
| 12:27 | Investigar | Town Watch |
| 12:37 | Investigar | Fletching |
| 12:38 | Investigar | Fletching |
| 12:38 | Encolar | Villager (Male) |
| 12:47 | Construir | House |
| 13:15 | Encolar | Villager (Male) |
| 13:19 | Construir | Mining Camp |
| 13:25 | Construir | Watch Tower |
| 13:33 | Construir | Farm |
| 13:36 | Construir | Farm |
| 13:41 | Encolar | Villager (Male) |
| 13:44 | Construir | Palisade Wall |
| 13:45 | Construir | Palisade Wall |
| 13:48 | Construir | House |
| 13:50 | Construir | Palisade Wall |
| 13:51 | Construir | Palisade Wall |
| 13:55 | Construir | Palisade Wall |
| 13:57 | Construir | Palisade Wall |
| 14:02 | Construir | Palisade Wall |
| 14:07 | Construir | House |
| 14:13 | Encolar | Villager (Male) |
| 14:24 | Investigar | Double-Bit Axe |
| 14:24 | Investigar | Double-Bit Axe |
| 14:33 | Construir | Watch Tower |
| 14:39 | Investigar | Horse Collar |
| 14:40 | Investigar | Horse Collar |
| 14:40 | Encolar | Villager (Male) |
| 14:42 | Construir | Farm |
| 15:10 | Construir | Palisade Wall |
| 15:11 | Construir | Palisade Wall |
| 15:14 | Construir | Palisade Wall |
| 15:16 | Construir | Palisade Wall |
| 15:22 | Construir | Lumber Camp |
| 15:26 | Encolar | Villager (Male) |
| 15:29 | Construir | Farm |
| 15:40 | Construir | Farm |
| 15:40 | Construir | Farm |
| 15:41 | Encolar | Villager (Male) |
| 16:05 | Encolar | Villager (Male) |
| 16:12 | Construir | Farm |
| 16:14 | Construir | Farm |
| 16:32 | Construir | Palisade Gate |
| 16:35 | Construir | Palisade Gate |
| 16:38 | Construir | Palisade Gate |
| 16:42 | Construir | Palisade Wall |
| 16:45 | Construir | Palisade Wall |
| 16:47 | Construir | House |
| 16:57 | Construir | Palisade Gate |
| 17:02 | Encolar | Villager (Male) |
| 17:11 | Construir | Market |
| 17:13 | Construir | House |
| 17:21 | Encolar | Villager (Male) |
| 17:24 | Construir | House |
| 17:40 | Construir | Mining Camp |
| 17:47 | Investigar | Wheelbarrow |
| 17:47 | Investigar | Wheelbarrow |
| 18:05 | Construir | Watch Tower |
| 19:07 | Encolar | Villager (Male) |
| 19:08 | Construir | Farm |
| 19:08 | Construir | Farm |
| 19:09 | Construir | Farm |
| 19:20 | Construir | Watch Tower |
| 19:42 | Investigar | Castle Age |
| 19:42 | Investigar | Castle Age |
| 19:42 | Investigar | Castle Age |
| 19:52 | Construir | Watch Tower |
Build order — Malelf
Primeras 150 de 701 acciones detectadas
| 0:00 | Encolar | Villager (Male) |
| 0:00 | Encolar | Villager (Male) |
| 0:01 | Encolar | Villager (Male) |
| 0:02 | Construir | House |
| 0:03 | Construir | House |
| 0:05 | Encolar | Villager (Male) |
| 1:32 | Encolar | Villager (Male) |
| 1:44 | Construir | Lumber Camp |
| 1:45 | Construir | House |
| 1:57 | Encolar | Villager (Male) |
| 2:08 | Encolar | Villager (Male) |
| 2:23 | Encolar | Villager (Male) |
| 2:33 | Encolar | Villager (Male) |
| 2:45 | Encolar | Villager (Male) |
| 3:20 | Encolar | Villager (Male) |
| 3:39 | Encolar | Villager (Male) |
| 4:06 | Construir | House |
| 4:22 | Encolar | Villager (Male) |
| 4:59 | Construir | Barracks |
| 5:00 | Encolar | Villager (Male) |
| 5:17 | Encolar | Villager (Male) |
| 5:28 | Construir | House |
| 5:43 | Encolar | Villager (Male) |
| 5:54 | Encolar | Militia |
| 5:54 | Encolar | Militia |
| 5:55 | Encolar | Militia |
| 5:58 | Encolar | Villager (Male) |
| 6:17 | Construir | Mill |
| 6:27 | Encolar | Militia |
| 6:28 | Encolar | Villager (Male) |
| 6:41 | Encolar | Villager (Male) |
| 6:44 | Encolar | Militia |
| 6:49 | Encolar | Villager (Male) |
| 7:01 | Construir | Mill |
| 7:17 | Encolar | Villager (Male) |
| 7:23 | Investigar | Loom |
| 8:13 | Encolar | Villager (Male) |
| 8:48 | Investigar | Feudal Age |
| 9:03 | Encolar | Villager (Male) |
| 10:09 | Encolar | Villager (Male) |
| 10:43 | Construir | Farm |
| 10:46 | Construir | Farm |
| 10:54 | Construir | Palisade Wall |
| 10:56 | Construir | Palisade Wall |
| 10:58 | Edad | Edad Feudal |
| 10:59 | Construir | Palisade Wall |
| 11:04 | Construir | Watch Tower |
| 11:09 | Encolar | Villager (Male) |
| 11:16 | Construir | Farm |
| 11:18 | Investigar | Double-Bit Axe |
| 11:19 | Encolar | Villager (Male) |
| 11:23 | Construir | Market |
| 11:30 | Construir | House |
| 11:39 | Construir | Palisade Wall |
| 11:43 | Construir | Palisade Wall |
| 11:52 | Encolar | Villager (Male) |
| 12:05 | Construir | Watch Tower |
| 12:15 | Encolar | Villager (Male) |
| 12:17 | Construir | Farm |
| 12:20 | Construir | Farm |
| 12:27 | Construir | Mining Camp |
| 12:32 | Encolar | Villager (Male) |
| 12:35 | Construir | Farm |
| 12:37 | Construir | Farm |
| 12:40 | Construir | Farm |
| 12:42 | Construir | House |
| 12:54 | Construir | Palisade Wall |
| 12:55 | Construir | Palisade Wall |
| 12:56 | Construir | Palisade Wall |
| 12:56 | Construir | Palisade Wall |
| 12:57 | Construir | Palisade Wall |
| 12:57 | Construir | Palisade Wall |
| 12:58 | Construir | Palisade Wall |
| 12:58 | Construir | Palisade Wall |
| 13:06 | Construir | House |
| 13:38 | Encolar | Villager (Male) |
| 13:48 | Construir | House |
| 14:08 | Encolar | Villager (Male) |
| 14:32 | Encolar | Villager (Male) |
| 14:46 | Encolar | Villager (Male) |
| 15:23 | Encolar | Villager (Male) |
| 15:46 | Encolar | Villager (Male) |
| 16:05 | Construir | Blacksmith |
| 16:06 | Encolar | Villager (Male) |
| 16:55 | Construir | Watch Tower |
| 17:04 | Investigar | Castle Age |
| 17:17 | Construir | Watch Tower |
| 17:26 | Construir | Watch Tower |
| 17:30 | Construir | Farm |
| 17:32 | Construir | Farm |
| 17:35 | Investigar | Gold Mining |
| 17:52 | Construir | Watch Tower |
| 17:55 | Investigar | Fletching |
| 17:55 | Investigar | Fletching |
| 18:02 | Construir | Mining Camp |
| 18:16 | Construir | Lumber Camp |
| 18:20 | Encolar | Villager (Male) |
| 18:28 | Encolar | Villager (Male) |
| 18:30 | Construir | Palisade Wall |
| 18:32 | Construir | Palisade Wall |
| 18:37 | Construir | Palisade Wall |
| 18:38 | Construir | Palisade Wall |
| 18:40 | Construir | Palisade Wall |
| 19:09 | Construir | Palisade Wall |
| 19:10 | Construir | Palisade Wall |
| 19:12 | Construir | Palisade Wall |
| 19:14 | Construir | Palisade Wall |
| 19:15 | Construir | Palisade Wall |
| 19:16 | Construir | Palisade Wall |
| 19:44 | Edad | Edad de los Castillos |
| 19:49 | Construir | Monastery |
| 19:51 | Encolar | Villager (Male) |
| 20:03 | Construir | Town Center |
| 20:12 | Encolar | Villager (Male) |
| 20:19 | Investigar | Horse Collar |
| 20:28 | Encolar | Monk |
| 20:30 | Encolar | Villager (Male) |
| 20:35 | Construir | House |
| 20:35 | Construir | Palisade Wall |
| 20:37 | Construir | Palisade Wall |
| 20:48 | Investigar | Wheelbarrow |
| 20:49 | Encolar | Villager (Male) |
| 20:59 | Construir | Siege Workshop |
| 21:12 | Investigar | Bow Saw |
| 21:19 | Encolar | Villager (Male) |
| 21:29 | Construir | Farm |
| 21:48 | Encolar | Villager (Male) |
| 21:55 | Encolar | Monk |
| 22:00 | Construir | House |
| 22:03 | Encolar | Villager (Male) |
| 22:15 | Encolar | Mangonel |
| 22:17 | Encolar | Villager (Male) |
| 22:21 | Construir | Farm |
| 22:23 | Encolar | Villager (Male) |
| 22:35 | Construir | Stone Wall |
| 22:43 | Construir | Stone Wall |
| 22:47 | Encolar | Villager (Male) |
| 22:58 | Construir | Outpost |
| 23:00 | Encolar | Villager (Male) |
| 23:08 | Construir | Farm |
| 23:10 | Construir | Farm |
| 23:12 | Construir | Farm |
| 23:25 | Encolar | Villager (Male) |
| 23:44 | Encolar | Villager (Male) |
| 23:58 | Encolar | Villager (Male) |
| 24:07 | Construir | Town Center |
| 24:09 | Encolar | Villager (Male) |
| 24:20 | Encolar | Mangonel |
| 24:22 | Encolar | Villager (Male) |
| 24:30 | Encolar | Villager (Male) |
Cronología de la partida
| 4:59 | Malelf · first_building Barracks |
| 7:04 | Parzivall · wall_segment Palisade Wall x1 |
| 7:05 | Parzivall · wall_segment Palisade Wall x1 |
| 7:05 | Parzivall · wall_segment Palisade Wall x1 |
| 7:11 | Parzivall · wall_segment Palisade Wall x1 |
| 7:28 | Parzivall · wall_segment Palisade Wall x1 |
| 7:28 | Parzivall · wall_segment Palisade Wall x1 |
| 7:29 | Parzivall · wall_segment Palisade Wall x1 |
| 8:25 | Parzivall · wall_segment Palisade Wall x1 |
| 8:27 | Parzivall · wall_segment Palisade Wall x1 |
| 8:29 | Parzivall · wall_segment Palisade Wall x1 |
| 8:52 | Parzivall · wall_segment Palisade Wall x1 |
| 8:54 | Parzivall · wall_segment Palisade Wall x1 |
| 8:56 | Parzivall · wall_segment Palisade Wall x1 |
| 8:58 | Parzivall · wall_segment Palisade Wall x1 |
| 9:29 | Parzivall · wall_segment Palisade Wall x1 |
| 9:31 | Parzivall · wall_segment Palisade Wall x1 |
| 9:32 | Parzivall · wall_segment Palisade Wall x1 |
| 9:41 | Parzivall · wall_segment Palisade Wall x1 |
| 9:42 | Parzivall · wall_segment Palisade Wall x1 |
| 10:01 | Parzivall · wall_segment Palisade Wall x1 |
| 10:06 | Parzivall · wall_segment Palisade Wall x1 |
| 10:12 | Parzivall · wall_segment Palisade Wall x1 |
| 10:13 | Parzivall · wall_segment Palisade Wall x1 |
| 10:44 | Parzivall · wall_segment Palisade Wall x1 |
| 10:54 | Malelf · wall_segment Palisade Wall x1 |
| 10:56 | Parzivall · age_up feudal |
| 10:56 | Malelf · wall_segment Palisade Wall x1 |
| 10:58 | Malelf · age_up feudal |
| 10:59 | Malelf · wall_segment Palisade Wall x1 |
| 11:39 | Malelf · wall_segment Palisade Wall x1 |
| 11:39 | Parzivall · wall_segment Palisade Wall x1 |
| 11:41 | Parzivall · wall_segment Palisade Wall x1 |
| 11:42 | Parzivall · wall_segment Palisade Wall x1 |
| 11:43 | Malelf · wall_segment Palisade Wall x1 |
| 12:54 | Malelf · wall_segment Palisade Wall x1 |
| 12:55 | Malelf · wall_segment Palisade Wall x1 |
| 12:56 | Malelf · wall_segment Palisade Wall x1 |
| 12:56 | Malelf · wall_segment Palisade Wall x1 |
| 12:57 | Malelf · wall_segment Palisade Wall x1 |
| 12:57 | Malelf · wall_segment Palisade Wall x1 |
| 12:58 | Malelf · wall_segment Palisade Wall x1 |
| 12:58 | Malelf · wall_segment Palisade Wall x1 |
| 13:44 | Parzivall · wall_segment Palisade Wall x1 |
| 13:45 | Parzivall · wall_segment Palisade Wall x1 |
| 13:50 | Parzivall · wall_segment Palisade Wall x1 |
| 13:51 | Parzivall · wall_segment Palisade Wall x1 |
| 13:55 | Parzivall · wall_segment Palisade Wall x1 |
| 13:57 | Parzivall · wall_segment Palisade Wall x1 |
| 14:02 | Parzivall · wall_segment Palisade Wall x1 |
| 15:10 | Parzivall · wall_segment Palisade Wall x1 |
| 15:11 | Parzivall · wall_segment Palisade Wall x1 |
| 15:14 | Parzivall · wall_segment Palisade Wall x1 |
| 15:16 | Parzivall · wall_segment Palisade Wall x1 |
| 16:29 | Malelf · first_market_sell 100 food |
| 16:29 | Malelf · first_market_buy 100 stone |
| 16:42 | Parzivall · wall_segment Palisade Wall x1 |
| 16:45 | Parzivall · wall_segment Palisade Wall x1 |
| 18:30 | Malelf · wall_segment Palisade Wall x1 |
| 18:32 | Malelf · wall_segment Palisade Wall x1 |
| 18:37 | Malelf · wall_segment Palisade Wall x1 |
| 18:38 | Malelf · wall_segment Palisade Wall x1 |
| 18:40 | Malelf · wall_segment Palisade Wall x1 |
| 19:09 | Malelf · wall_segment Palisade Wall x1 |
| 19:10 | Malelf · wall_segment Palisade Wall x1 |
| 19:12 | Malelf · wall_segment Palisade Wall x1 |
| 19:14 | Malelf · wall_segment Palisade Wall x1 |
| 19:15 | Malelf · wall_segment Palisade Wall x1 |
| 19:16 | Malelf · wall_segment Palisade Wall x1 |
| 19:33 | Parzivall · first_market_sell 100 wood |
| 19:44 | Malelf · age_up castle |
| 19:49 | Malelf · first_building Monastery |
| 20:08 | Parzivall · first_building Barracks |
| 20:13 | Parzivall · wall_segment Palisade Wall x1 |
| 20:32 | Parzivall · wall_segment Stone Wall x1 |
| 20:34 | Parzivall · wall_segment Stone Wall x1 |
| 20:35 | Malelf · wall_segment Palisade Wall x1 |
| 20:37 | Malelf · wall_segment Palisade Wall x1 |
| 20:37 | Parzivall · wall_segment Stone Wall x1 |
| 20:39 | Parzivall · wall_segment Stone Wall x1 |
| 20:43 | Parzivall · wall_segment Stone Wall x1 |
| 20:59 | Malelf · first_building Siege Workshop |
| 22:22 | Parzivall · age_up castle |
| 22:35 | Malelf · wall_segment Stone Wall x1 |
| 22:43 | Malelf · wall_segment Stone Wall x1 |
| 23:42 | Parzivall · first_market_buy 100 food |
| 24:42 | Parzivall · wall_segment Palisade Wall x1 |
| 25:09 | Parzivall · first_building Castle |
| 25:51 | Malelf · first_building Stable |
| 29:25 | Parzivall · first_building Stable |
| 30:40 | Malelf · wall_segment Palisade Wall x1 |
| 30:52 | Parzivall · wall_segment Stone Wall x1 |
| 31:58 | Parzivall · wall_segment Stone Wall x1 |
| 31:59 | Parzivall · wall_segment Stone Wall x1 |
| 35:57 | Malelf · age_up imperial |
| 36:05 | Malelf · first_building Castle |
| 38:24 | Parzivall · age_up imperial |
| 39:49 | Malelf · first_building Archery Range |
| 49:03 | Parzivall · first_building Monastery |
| 49:13 | Parzivall · first_building Siege Workshop |
| 49:15 | Parzivall · first_building Archery Range |
| 52:22 | Parzivall · wall_segment Stone Wall x6 |
| 57:55 | Parzivall · resign |
[ ANÁLISIS IA · 1 CRÉDITO ]
¿Qué pasó realmente en esta partida?
Wolo.gg analiza cada decisión: build order, eco, micro, errores típicos por bracket. Análisis personalizado por WhatsApp o Discord en 30 segundos.
Guía civ
Borgoñones
Perfil
Jugador #6283928